 Dungeon Crawl Stone Soup version 0.27.1-2-g3b301248ec (webtiles) character file.

Game seed: 5694570011348597028

2947 Urokeeper the Chopper (level 9, 0/81 HPs)
             Began as a Deep Dwarf Fighter on Sept 27, 2021.
             Was a Follower of Makhleb.
             Slain by a killer bee (3 damage)
             ... on level 7 of the Dungeon.
             The game lasted 00:27:13 (5769 turns).

Urokeeper the Chopper (Deep Dwarf Fighter)          Turns: 5769, Time: 00:27:14

Health: 0/81       AC: 11    Str: 23    XL:     9   Next: 51%
Magic:  0/0        EV: 10    Int:  9    God:    Makhleb [*.....]
Gold:   309        SH: 11    Dex: 12    Spells: 8/8 levels left

rFire    . . .     SeeInvis .   v - +1 mace (vorpal)
rCold    . . .     Faith    .   c - +0 kite shield
rNeg     + . .     Spirit   .   b - +0 scale mail
rPois    +         Reflect  .   p - +0 helmet
rElec    .         Harm     .   w - scarf {+Inv}
rCorr    .         Rampage  .   j - +0 pair of gloves
Will     +....                  q - +0 pair of boots
Stlth    ..........             (no amulet)
HPRegen  0.00/turn              F - ring of poison resistance
MPRegen  0.07/turn              D - ring of positive energy

@: no status effects
A: damage resistance, heal wounds, sense surroundings 2, no regeneration
a: Heal Wounds, Renounce Religion, Evoke Invisibility


You were on level 7 of the Dungeon.
You worshipped Makhleb.
Makhleb was aware of your devotion.
You visited 2 branches of the dungeon, and saw 8 of its levels.

You collected 309 gold pieces.

Inventory:

Hand Weapons
 a - a +0 war axe
 d - a +3 dagger of venom
 v - a +1 vorpal mace (weapon)
 A - a +3 whip
 E - a +0 spear of freezing
 H - a +2 whip of flaming
Missiles
 B - 5 boomerangs of dispersal (quivered)
Armour
 b - a +0 scale mail (worn)
 c - a +0 kite shield (worn)
 j - a +0 pair of gloves (worn)
 p - a +0 helmet (worn)
 q - a +0 pair of boots (worn)
 w - a scarf of invisibility (worn)
Jewellery
 u - a ring of magical power
 y - a ring of flight
 D - a ring of positive energy (right hand)
 F - a ring of poison resistance (left hand)
Wands
 l - a wand of paralysis (5)
 r - a wand of digging (9)
 z - a wand of flame (23)
Scrolls
 e - 5 scrolls of teleportation
 g - 2 scrolls of enchant weapon {unknown}
 k - 2 scrolls of vulnerability
 m - 3 scrolls of enchant armour
 o - 2 scrolls of magic mapping
 t - a scroll of immolation {unknown}
 x - 2 scrolls of noise {unknown}
 C - a scroll of blinking {unknown}
Potions
 f - a potion of lignification {unknown}
 h - 2 potions of degeneration
 i - a potion of flight {unknown}
 n - a potion of curing {unknown}
 s - a potion of brilliance {unknown}
 I - a potion of magic {unknown}


   Skills:
 + Level 5.1 Fighting
 + Level 7.4(8.0) Axes
 + Level 4.2(6.1) Maces & Flails
 + Level 1.2 Throwing
 + Level 7.1 Armour
 + Level 4.2 Dodging
 + Level 1.2 Stealth
 + Level 7.3 Shields


You had 8 spell levels left.
You didn't know any spells.
Your spell library contained the following spells:

 Spells                   Type           Power      Damage    Failure   Level
 Corona                   Hex            0%         N/A       94%         1
 Foxfire                  Conj/Fire      0%         2x1d4     94%         1
 Ensorcelled Hibernation  Hex/Ice        0%         N/A       98%         2
 Gell's Gravitas          Tloc           0%         N/A       100%        3
 Lesser Beckoning         Tloc           0%         N/A       100%        3
 Teleport Other           Tloc           0%         N/A       100%        3
 Tukima's Dance           Hex            0%         N/A       100%        3


Dungeon Overview and Level Annotations

Branches:
Dungeon (7/15)             Temple (1/1) D:5

Altars:
Ashenzari
Cheibriados
Dithmenos
Elyvilon
Fedhas
Hepliaklqana
Kikubaaqudgha
Makhleb
Nemelex Xobeh
Okawaru
Qazlal
Ru
Sif Muna
Trog
Uskayaw
Vehumet
Wu Jian
Xom
Yredelemnul
Zin
The Shining One

Portals:
Abyss: D:5

Annotations:
D:5 2 transporters, GnoME's ghost, weakling DgDe


Innate Abilities, Weirdness & Mutations

You are resistant to damage.
You can heal yourself by infusing magical energy.
You passively map the area around you.
You do not regenerate.


Message History

The ogre is no longer moving slowly.
The ogre looks more healthy.
Throw: dart (curare)
Press: ? - help, Q - select action, (/) - cycle Shift-Dir - straight line, f - centaur zombie, p - ogre
Aim: a centaur zombie (lightly damaged, 89% to hit)
You throw a curare-tipped dart.
The curare-tipped dart hits the centaur zombie.
The centaur zombie is lightly damaged.
You sock the centaur zombie!
The centaur zombie is heavily damaged.
You block the centaur zombie's attack. The centaur zombie misses you.
The centaur zombie closely misses you. The centaur zombie barely misses you.
There is a stone staircase leading up, spattered with blood here.
You climb upwards.
There is a stone staircase leading down here.
Items here: )))))) [[[[.
There is a stone staircase leading down here.
You climb downwards.
There is a stone staircase leading up here.
Found an encrusted wooden wand.
Found an escape hatch in the ceiling.
Found a stone staircase leading down.
There is an escape hatch in the ceiling here.
l - a wand of paralysis (5)
Found a stone staircase leading up.
A killer bee comes into view.
The killer bee buzzes angrily.
A killer bee comes into view.
You block the killer bee's attack. The killer bee barely misses you.
You miss the killer bee. The killer bee misses you.
You block the killer bee's attack. The killer bee stings you.
You hit the killer bee but do no damage.
The killer bee stings you but does no damage. x2
You closely miss the killer bee.
The killer bee stings you but does no damage.
You block the killer bee's attack.
You hit the killer bee but do no damage.
You block the killer bee's attack. x3
You miss the killer bee. You block the killer bee's attack.
The killer bee stings you but does no damage.
You barely miss the killer bee. The killer bee stings you.
You die...

#......#### #...# #.# *
#####..#######.#.####.##
#.............<..... * *
** #...######.######.##
, , ###.# #.#, ..# **
#.# #.# * #### * #.#
#.#, * * * #.# #.# , , ,
, * #@# #<# , , * #y#
### * , #y#* * ** ,, *
#.. , , ###. * , * ,, .y
* , * , .., , ,, * , ..y
, * ,,* * * * * ... ,*
##


You could see 2 killer bees.

Vanquished Creatures
  Pikel (D:6)
  Eustachio (D:5)
  2 water moccasins
  3 black bears
  A necrophage (D:6)
  A bullfrog (D:7)
  A kobold brigand (D:6)
  2 wyvern zombies
  2 gnoll sergeants
  A water moccasin zombie (D:6)
  4 water moccasin skeletons
  3 killer bees (D:7)
  4 howler monkeys
  A bullfrog zombie (D:7)
  4 hounds
  4 jellies
  2 gnoll shamans
  3 iguanas
  2 orc wizards (D:6)
  Robin (D:2)
  15 gnolls
  10 adders
  2 shadow imps
  An ufetubus (D:7)
  3 worms
  2 dart slugs
  12 orcs
  9 bats
  9 endoplasms
  A giant cockroach (D:4)
  17 goblins
  11 hobgoblins
  2 jackals (D:5)
  7 kobolds
  5 quokkas
  2 ball pythons
  4 frilled lizards
  3 rats
158 creatures vanquished.

Notes
Turn   | Place    | Note
-------+----------+-------------------------------------------
     0 | D:1      | Urokeeper the Deep Dwarf Fighter began the quest for the
                  | Orb.
     0 | D:1      | Reached XP level 1. HP: 20/20 MP: 1/1
    46 | D:1      | Found a faded altar of an unknown god.
    54 | D:1      | Got Plato's Volume of Conjuration
   158 | D:1      | Reached XP level 2. HP: 16/27 MP: 2/2
  1096 | D:2      | Reached XP level 3. HP: 29/33 MP: 3/3
  1315 | D:2      | Noticed Robin
  1327 | D:2      | Killed Robin
  1548 | D:3      | Reached XP level 4. HP: 26/40 MP: 4/4
  2028 | D:3      | Reached XP level 5. HP: 40/49 MP: 4/4
  2412 | D:3      | Reached skill level 1 in Dodging
  2441 | D:3      | Noticed a black bear
  2451 | D:3      | Killed a black bear
  2697 | D:4      | Reached XP level 6. HP: 40/56 MP: 5/5
  3149 | D:4      | Reached skill level 5 in Axes
  3361 | D:4      | Reached XP level 7. HP: 47/62 MP: 5/5
  3445 | D:4      | Reached skill level 5 in Shields
  3471 | D:4      | Reached skill level 5 in Armour
  3503 | D:5      | Entered Level 5 of the Dungeon
  3512 | D:5      | Noticed Eustachio
  3518 | D:5      | Killed Eustachio
  3750 | D:5      | Reached XP level 8. HP: 43/72 MP: 4/4
  3854 | D:5      | Found a staircase to the Ecumenical Temple.
  3869 | Temple   | Entered the Ecumenical Temple
  4154 | Temple   | Became a worshipper of Makhleb the Destroyer
  4322 | D:5      | Reached skill level 1 in Throwing
  4322 | D:5      | Noticed a toenail golem
  4329 | D:5      | Found a transporter.
  4357 | D:5      | Found a one-way gate to the infinite horrors of the Abyss.
  4357 | D:5      | Noticed GnoME's ghost (weakling DgDe)
  4370 | D:5      | Found a transporter.
  4630 | D:6      | Reached skill level 1 in Stealth
  4782 | D:6      | Noticed Pikel
  4800 | D:6      | Killed Pikel
  4801 | D:6      | Gained mutation: You passively map the area around you.
                  | [Deep Dwarf growth]
  4801 | D:6      | Reached XP level 9. HP: 64/79 MP: 1/1
  4839 | D:6      | Reached * piety under Makhleb
  5283 | D:6      | Reached skill level 5 in Fighting
  5634 | D:7      | HP: 3/81 [acid (5)]
  5769 | D:7      | Slain by a killer bee

Illustrated notes

Levels and vault maps discovered:
D:1:      onia_arrival_mini_maze_b, layout_basic,
          shapermc_ecumenical_altar_rom_forum
D:2:      layout_basic, uniq_robin
D:3:      minmay_chambers_of_twos, layout_loops_corners, serial_glass,
          glass_columns_b, glass_columns_c, glass_columns_b, glass_columns_a,
          glass_columns_b, glass_columns_c
D:4:      layout_loops_corners, lightli_minifort
D:5:      layout_basic, minmay_temple_entry_grid,
          gammafunk_ghost_abyssal_escape, uniq_eustachio
D:6:      layout_loops_cross, grunt_decor_fettered, kennysheep_small_circle,
          uniq_pikel
D:7:      layout_basic, uniq_crazy_yiuf_cottage
Temple:   roderic_octagonal_lattice_temple

Skill      XL: |  1  2  3  4  5  6  7  8  9 |
---------------+----------------------------+-----
Armour         | 4 5 6 7 |  7.1
Axes           | 3 4 5 6 7 |  7.4
Fighting       | 3 4 5 |  5.1
Shields        | 4 5 6 7 |  7.3
Dodging        | 1 2 3 4 |  4.2
Throwing       | 1 |  1.2
Stealth        | 1 |  1.2
Maces & Flails | 2 4 |  4.2

Action                   |  1- 3 |  4- 6 |  7- 9 || total
-------------------------+-------+-------+-------++-------
Melee: War axe           |   103 |   196 |   116 ||   415
       Mace              |       |       |   184 ||   184
       Whip              |       |       |   109 ||   109
Throw: Dart              |       |     4 |    15 ||    19
 Abil: Heal Wounds       |     2 |     4 |    13 ||    19
  Use: Scroll            |     2 |     2 |     1 ||     5
       Potion            |     1 |       |     1 ||     2
Armor: Scale mail        |    51 |   103 |   173 ||   327
Dodge: Dodged            |    26 |    86 |   188 ||   300
Block: Kite shield       |    53 |   126 |   317 ||   496
